 Dungeon Crawl Stone Soup version 0.30-a0-847-g17996783a1 (webtiles) character file.

Game seed: 721656708952339317

38 holysushi the Cutter (level 3, 29/29 HPs)
             Began as a Demonspawn Monk on Mar 3, 2023.
             Quit the game on level 2 of the Dungeon.
             The game lasted 00:00:49 (1142 turns).

holysushi the Cutter (Demonspawn Monk)              Turns: 1142, Time: 00:00:49

Health: 29/29      AC:  2    Str: 11    XL:     3   Next: 25%
Magic:  3/3        EV: 13    Int: 11    God:
Gold:   49         SH:  4    Dex: 17    Spells: 2/2 levels left

rFire   . . .      SeeInvis .    a - +0 short sword
rCold   . . .      Faith    .    (no shield)
rNeg    . . .      Spirit   .    b - +0 robe
rPois   .          Reflect  .    (no helmet)
rElec   .          Rampage  .    (no cloak)
rCorr   .                        (no gloves)
Will    .....                    (no boots)
Stlth   ++                       (no amulet)
HPRegen 0.24/turn                (no ring)
MPRegen 0.08/turn                (no ring)

@: no status effects
A: large bone plates 1, weakness stinger 1
a: no special abilities


You were on level 2 of the Dungeon.
You visited 1 branch of the dungeon, and saw 2 of its levels.

You collected 49 gold pieces.

Inventory:

Hand Weapons
 a - a +0 short sword (weapon)
Armour
 b - a +0 robe (worn)
Scrolls
 e - a scroll of teleportation {unknown}
 f - a scroll of silence {unknown}
 h - a scroll of identify {unknown}
 k - a scroll of amnesia {unknown}
Potions
 c - 2 potions of ambrosia
 d - 2 potions of degeneration {unknown}
 g - a potion of curing {unknown}
 i - a potion of heal wounds {unknown}
 j - 2 potions of flight {unknown}


   Skills:
 - Level 3.0 Fighting
 + Level 4.0 Short Blades
 - Level 2.6 Dodging
 - Level 1.7 Stealth


You had 2 spell levels left.
You didn't know any spells.
Your spell library contained the following spells:

 Spells                   Type           Power      Damage    Failure   Level
 Sandblast                Erth           0%         2d4       34%         1
 Ensorcelled Hibernation  Hex/Ice        0%         N/A       47%         2
 Passwall                 Tmut/Erth      0%         N/A       47%         2
 Stone Arrow              Conj/Erth      0%         3d7       71%         3
 Swiftness                Air            0%         N/A       71%         3
 Animate Dead             Necr           0%         N/A       98%         4
 Haunt                    Necr/Summ      0%         N/A       100%        7
 Infestation              Necr           0%         N/A       100%        8


Dungeon Overview and Level Annotations

Branches:
Dungeon (2/15) Zot: 10881

Altars:


Innate Abilities, Weirdness & Mutations

You are partially covered in large bone plates. (SH +4)
You have a small tail.


Message History

Things that are here:
a ball python corpse; a jackal corpse You hit the jackal.
The jackal is heavily wounded.
The jackal bites you.
You are too injured to fight recklessly!
You are too injured to fight recklessly!
You hit the jackal.
You kill the jackal!
Your Short Blades skill increases to level 4!
You are too injured to fight recklessly!
An orc comes into view. It is wielding a +0 club.
You see here 11 gold pieces.
An orc is nearby!
An orc is nearby!
An orc is nearby!
You are too injured to fight recklessly!
Things that are here:
a ball python corpse; a jackal corpse The orc hits you with a +0 club.
You hit the orc.
The orc is heavily wounded.
The orc hits you with a +0 club.
You are too injured to fight recklessly!
You hit the orc.
The orc is almost dead.
You are too injured to fight recklessly!
You hit the orc.
You kill the orc!
You are too injured to fight recklessly!
Things that are here:
a ball python corpse; a jackal corpse You now have 49 gold pieces (gained 11).
You start resting.
HP restored.
j - an amethyst potion
Found a plate armour.
j - 2 amethyst potions (gained 1)
k - a scroll labelled UTSOZE MAH KIZU Are you sure you want to abandon this character and quit the game? (Confirm with "yes".)

.....### .......#
.....#.#
.....#.#######.
.....#.........
..†..#..#######
###†##..# #....>.##
####### #)####.#
#@....# #.
#.#########.....# #.
#.........#.....# #.
#...............#
#......[........####.#
#######.........# .#
#.........# #
#.........#
+.........#


There were no monsters in sight!

Vanquished Creatures
  A dart slug (D:1)
  An orc (D:2)
  3 ball pythons
  3 bats (D:1)
  An endoplasm (D:1)
  2 giant cockroaches (D:1)
  4 goblins (D:1)
  3 hobgoblins (D:1)
  6 jackals
  A kobold (D:1)
  2 frilled lizards (D:1)
  2 rats (D:1)
29 creatures vanquished.

Notes
Turn   | Place    | Note
-------+----------+-------------------------------------------
     0 | D:1      | holysushi the Demonspawn Monk began the quest for the Orb.
     0 | D:1      | Reached XP level 1. HP: 18/18 MP: 1/1
    65 | D:1      | Reached skill level 3 in Short Blades
   133 | D:1      | Gained mutation: You have a small tail. [demonic ancestry]
   133 | D:1      | Reached XP level 2. HP: 24/24 MP: 2/2
   861 | D:1      | Gained mutation: You are partially covered in large bone
                  | plates. (SH +4) [demonic ancestry]
   861 | D:1      | Reached XP level 3. HP: 29/29 MP: 3/3
  1030 | D:2      | Reached skill level 4 in Short Blades
  1142 | D:2      | Quit the game

Illustrated notes

Levels and vault maps discovered:
D:1:      minmay_arrival_cross, layout_basic
D:2:      layout_basic

Skill      XL: |  1  2  3 |
---------------+----------+-----
Short Blades   | 3 4 |  4.0
Fighting       | |  3.0
Dodging        | |  2.6
Stealth        | |  1.7

Action                     || total
---------------------------++-------
  Melee: Short sword       ||   131
         Tailslap          ||    11
         Punch             ||     2
   Stab: Sleeping          ||     2
 Armour: Robe              ||    26
  Dodge: Dodged            ||    90
  Block: Other             ||     6

Table legend: (Time is in decaauts)
 A = Elapsed time spent in this place.
 B = Non-inter-level travel time spent in this place.
 C = Inter-level travel time spent in this place.
 D = Time resting spent in this place.
 E = Time spent auto-exploring this place.
 F = Levels seen in this place.
 G = Mean time per level.
                   A        B        C        D        E       F      G
               +--------+--------+--------+--------+--------+-----+--------+
         Total |   1118 |   1092 |     26 |     72 |    796 |   2 |  559.0 |
       Dungeon |   1118 |   1092 |     26 |     72 |    796 |   2 |  559.0 |
               +--------+--------+--------+--------+--------+-----+--------+

Top non-repeatable levels by time:
     D:1: 966 daAuts
     D:2: 151 daAuts
